 Dungeon Crawl Stone Soup version 0.18.1-48-g4cf74bf (webtiles) character file.

23 zultag the Grave Robber (level 2, 0/19 HPs)
             Began as a Vampire Necromancer on Sept 8, 2016.
             Slain by a hobgoblin (2 damage)
             ... on level 2 of the Dungeon.
             The game lasted 00:12:47 (988 turns).

zultag the Grave Robber (Vampire Necromancer)        Turns: 988, Time: 00:12:47

Health: 0/19       AC:  3    Str:  7    XL:     2   Next: 72%
Magic:  5/5        EV: 16    Int: 17    God:
Gold:   75         SH:  0    Dex:  8    Spells: 2 memorised, 3 levels left

rFire  . . .     SeeInvis +     m - +0 club
rCold  . . .     Gourm    .     a - +0 robe
rNeg   + . .     Faith    .     (no shield)
rPois  .         Spirit   .     (no helmet)
rElec  .         Dismiss  .     (no cloak)
rCorr  .         Reflect  .     (no gloves)
SustAt .         Harm     .     n - +0 pair of boots
MR     .....                    (no amulet)
Stlth  ++........               q - -6 ring of dexterity (curse)
                                e - +4 ring of evasion

@: not resistant to hostile enchantments, unstealthy
A: fangs 3, see invisible, unbreathing
a: no special abilities


You were on level 2 of the Dungeon.
You were not thirsty.

You visited 1 branch of the dungeon, and saw 2 of its levels.

You collected 75 gold pieces.

Inventory:

Hand Weapons
 m - a +0 club (weapon)
 s - a +0 short sword
Missiles
 f - 6 poisoned needles
 l - 48 stones (quivered)
 p - 10 arrows
Armour
 a - a +0 robe (worn)
 j - a +0 robe
 n - a +0 pair of boots (worn)
Jewellery
 e - a +4 ring of evasion (left hand)
 q - a cursed -6 ring of dexterity (right hand)
Scrolls
 g - a scroll of identify
Potions
 d - a potion of haste {unknown}
 r - a potion of curing {unknown}
Books
 b - a book of Necromancy

   Spells                             Type                      Level
   a - Pain                           Necromancy                   1
   b - Animate Skeleton               Necromancy                   1
   c - Vampiric Draining              Necromancy                   3
   d - Regeneration                   Charms/Necromancy            3
   e - Animate Dead                   Necromancy                   4
   f - Control Undead                 Necromancy                   4
Comestibles
 h - 8 chunks of flesh
 i - a slice of pizza
 o - a bread ration


   Skills:
 + Level 2.4 Dodging
 + Level 3.1 Stealth
 + Level 2.3 Spellcasting
 + Level 4.9 Necromancy


You had 3 spell levels left.
You knew the following spells:

 Your Spells              Type           Power        Failure   Level  Hunger
a - Pain                  Necr           ###.         2%          1    #......
b - Animate Skeleton      Necr           N/A          2%          1    #......


Dungeon Overview and Level Annotations

Branches:
Dungeon (2/15)

Altars:
Nemelex Xobeh


Innate Abilities, Weirdness & Mutations

You have razor-sharp teeth.
You have supernaturally acute eyesight.
You can survive without breathing.


Message History

You hit the giant gecko.
The giant gecko is almost dead.
The giant gecko bites you but does no damage.
You barely miss the giant gecko.
The giant gecko is almost dead.
The giant gecko bites you.
* * * LOW HITPOINT WARNING * * *
The giant newt closely misses you.
You hit the giant gecko.
You kill the giant gecko!
The giant newt barely misses you. x2
The giant newt barely misses you.
The giant newt bites you but does no damage.
There is a stone staircase leading up here.
Found a chain mail and a scroll labeled HIDIUGHAWIN.
Found a royal jelly.
Found a stone staircase leading up.
The giant newt closely misses you.
You see here a royal jelly.
The hobgoblin hits you.
You die...

#......)'......
##...####......
#..## ?.... ###w##
.... #...# ...
#w### #+# #.# #.#
#.######## #.#
#..w...<.# ##@##
########.####gl.#.#
#[.........?..#
#.##.###....#.# #
#.# #.#.##.# #.#
#.### # #.. ...
......# #######


You could see a hobgoblin and a giant newt.

Vanquished Creatures
  A giant gecko (D:2)
  2 giant cockroaches
  3 hobgoblins (D:1)
  5 kobolds
  3 bats (D:1)
  2 giant newts (D:1)
  5 rats (D:1)
21 creatures vanquished.

Vanquished Creatures (collateral kills)
  A goblin (D:1)
1 creature vanquished.

Grand Total: 22 creatures vanquished

Notes
Turn   | Place    | Note
--------------------------------------------------------------
     0 | D:1      | zultag the Vampire Necromancer began the quest for the Orb.
     0 | D:1      | Reached XP level 1. HP: 13/13 MP: 3/3
    50 | D:1      | Learned a level 1 spell: Animate Skeleton
   442 | D:1      | Reached XP level 2. HP: 19/19 MP: 3/5
   657 | D:1      | Found a sparkling altar of Nemelex Xobeh.
   988 | D:2      | Slain by a hobgoblin

Action                   || total
-------------------------++-------
Melee: Unarmed           ||     1
       Club              ||     9
Throw: Tomahawk          ||     3
 Cast: Pain              ||    29
       Animate Skeleton  ||    10
  Use: Scroll            ||     3
       Potion            ||     1
Armor: Robe              ||     9
Dodge: Dodged            ||    24
